 Dungeon Crawl Stone Soup version 0.18.1-48-g4cf74bf (webtiles) character file.

140 sudo the Slasher (level 5, 0/35 HPs)
             Began as a High Elf Gladiator on June 28, 2016.
             Succumbed to a worker ant's poison
             ... on level 4 of the Dungeon.
             The game lasted 00:03:45 (2852 turns).

sudo the Slasher (High Elf Gladiator)               Turns: 2852, Time: 00:03:46

Health: 0/35       AC:  6    Str: 15    XL:     5   Next: 2%
Magic:  6/6        EV: 19    Int: 16    God:
Gold:   85         SH:  0    Dex: 21    Spells: 0 memorised, 4 levels left

rFire  + . .     SeeInvis .     a - +0 long sword
rCold  . . .     Gourm    .     n - +0 ring mail
rNeg   + . .     Faith    .     (no shield)
rPois  .         Spirit   .     c - +0 helmet
rElec  .         Dismiss  .     (no cloak)
rCorr  .         Reflect  .     (no gloves)
SustAt .         Harm     .     (no boots)
MR     .....                    (no amulet)
Stlth  ++........               s - ring of positive energy
                                g - ring of protection from fire (curse)

@: brilliant, agile, lethally poisoned (0 -> -2), not resistant to hostile
enchantments, unstealthy
A: no striking features
a: no special abilities


You were on level 4 of the Dungeon.
You were not hungry.

You visited 1 branch of the dungeon, and saw 4 of its levels.

You collected 85 gold pieces.

Inventory:

Hand Weapons
 a - a +0 long sword (weapon)
 k - a +0 short sword of flaming
Missiles
 d - 3 throwing nets (quivered)
Armour
 b - a +0 leather armour
 c - a +0 helmet (worn)
 n - a +0 ring mail (worn)
Jewellery
 g - a cursed ring of protection from fire (left hand)
 r - an uncursed ring of see invisible
 s - a ring of positive energy (right hand)
Scrolls
 e - 2 scrolls of identify
 h - a scroll of fog {unknown}
 l - a scroll of teleportation {unknown}
 m - 3 scrolls of remove curse {unknown}
Potions
 j - a potion of haste
 o - a potion of lignification
Comestibles
 f - 3 bread rations
 i - a meat ration


   Skills:
 + Level 2.4 Fighting
 - Level 0.8(3.2) Short Blades
 * Level 5.1(5.2) Long Blades
 - Level 2.0 Throwing
 + Level 1.1 Armour
 + Level 4.5 Dodging


You had 4 spell levels left.
You didn't know any spells.

Dungeon Overview and Level Annotations

Branches:
Dungeon (4/15)
 Temple: D:4-7

Altars:

Annotations:
D:4 Malvoorn's ghost, novice DrSk; Pikel


Message History

* * * LOW HITPOINT WARNING * * *
You feel sick.
You start resting.
* * * LOW HITPOINT WARNING * * *
You feel sick.
You start resting.
* * * LOW HITPOINT WARNING * * *
You feel sick.
You start resting.
You feel less woody.
Your +0 helmet unmelds from your body.
Your +0 ring mail unmelds from your body.
* * * LOW HITPOINT WARNING * * *
You feel sick.
There is a lethal amount of poison in your body!
There is a lethal amount of poison in your body!
There is a lethal amount of poison in your body!
There is a lethal amount of poison in your body!
There is a lethal amount of poison in your body!
You die...

...........#
.......$...#
...........##
............#
.......(....#
............#
......†.....#
#@# #.# #.#
####.# #...<#
######


There were no monsters in sight!

Vanquished Creatures
  A worker ant (D:4)
  4 adders
  An ooze (D:1)
  A worm (D:2)
  A dart slug (D:1)
  2 giant geckos (D:2)
  A ball python (D:2)
  8 bats
  4 giant cockroaches
  12 goblins
  10 hobgoblins
  A quokka (D:2)
  A giant newt (D:1)
  13 kobolds
  7 rats
67 creatures vanquished.

Notes
Turn   | Place    | Note
--------------------------------------------------------------
     0 | D:1      | sudo the High Elf Gladiator began the quest for the Orb.
     0 | D:1      | Reached XP level 1. HP: 14/14 MP: 2/2
   325 | D:1      | Reached skill level 4 in Long Blades
   397 | D:1      | Reached XP level 2. HP: 17/19 MP: 3/3
  1086 | D:1      | Reached XP level 3. HP: 24/24 MP: 4/4
  1850 | D:2      | Reached XP level 4. HP: 26/30 MP: 5/5
  2031 | D:2      | Reached skill level 1 in Armour
  2321 | D:3      | Reached skill level 5 in Long Blades
  2695 | D:4      | Noticed Pikel
  2695 | D:4      | Noticed a slave
  2696 | D:4      | Noticed a slave
  2697 | D:4      | Noticed Malvoorn's ghost (novice DrSk)
  2698 | D:4      | Noticed a slave
  2831 | D:4      | Reached XP level 5. HP: 9/35 MP: 6/6
  2845 | D:4      | HP: 2/52 [poisoned by a worker ant]
  2852 | D:4      | Succumbed to a worker ant's poison

Skill      XL: |  1  2  3  4 |
---------------+-------------+-----
Long Blades    | 4 5 |  5.1
Dodging        | 4 |  4.5
Armour         | 1 |  1.1
Fighting       | |  2.4
Short Blades   | |  0.8
Throwing       | |  2.0

Action                   |  1- 3 |  4- 6 || total
-------------------------+-------+-------++-------
Melee: Long sword        |   117 |    69 ||   186
       Dagger            |    34 |       ||    34
  Use: Potion            |       |     4 ||     4
       Scroll            |       |     2 ||     2
  Eat: Chunk             |     3 |     2 ||     5
       Beef jerky        |       |     1 ||     1
Armor: Leather armour    |    33 |     5 ||    38
       Ring mail         |       |    13 ||    13
Dodge: Dodged            |   111 |    49 ||   160
